 Dungeon Crawl Stone Soup version 0.17-a0-1442-g10bb59b (console) character file.

13818 Fusha the Basher (level 12, -1/165 HPs)
             Began as a Naga Wanderer on June 27, 2015.
             Was a High Priest of Dithmenos.
             Slain by a blink frog (13 damage)
             ... on level 4 of the Lair of Beasts.
             The game lasted 00:56:29 (14868 turns).

Fusha the Basher (Naga Wanderer)                   Turns: 14868, Time: 00:56:29

Health: -1/165     AC: 21    Str: 23    XL:     12   Next: 10%
Magic:  16/16      EV:  7    Int: 13    God:    Dithmenos [*****.]
Gold:   700        SH:  0    Dex: 12    Spells: 0 memorised, 13 levels left

rFire  + . .     SeeInvis +     a - +10 dark maul {crush}
rCold  + . .     Clarity  .     K - +5 scale mail {rF+}
rNeg   . . .     SustAt   .     (no shield)
rPois  +         Gourm    .     i - +1 hat {MR+}
rElec  .         Spirit   .     k - +2 cloak
rCorr  .         Warding  .     t - +2 pair of gloves
rMut   .         Stasis   .     (no barding)
MR     +++..                    M - amulet of faith
Stlth  ..........               R - ring of protection from cold
                                Y - ring of protection from magic

@: berserking, very slightly contaminated, wreathed by umbra, invisible, quick,
extremely resistant to hostile enchantments, extremely unstealthy
A: see invisible, deformed body, poison resistance, slowness 2, slow metabolism
1, spit poison 2, AC +4
a: Spit Poison, Shadow Step, Shadow Form, Renounce Religion


You were on level 4 of the Lair of Beasts.
You worshipped Dithmenos.
Dithmenos was extremely pleased with you.
You were not hungry.

You visited 2 branches of the dungeon, and saw 13 of its levels.

You collected 700 gold pieces.

Inventory:

Hand weapons
 a - the +10 dark maul (weapon) {crush}
   (You found it on level 9 of the Dungeon)

   It inflicts extra damage upon your enemies.
 b - a +4 blowgun
Missiles
 e - 47 poisoned needles
 m - 10 javelins (quivered)
 r - a throwing net
Armour
 i - a +1 hat of magic resistance (worn)
 k - a +2 cloak (worn)
 t - a +2 pair of gloves (worn)
 A - a +2 scale mail
 K - a +5 scale mail of fire resistance (worn)
Jewellery
 f - an uncursed amulet of clarity {unknown}
 x - an uncursed ring of fire
 M - an amulet of faith (around neck)
 R - a ring of protection from cold (right hand)
 Y - a ring of protection from magic (left hand)
Magical devices
 g - a wand of cold (5)
 C - a wand of disintegration (13)
 X - a wand of magic darts (21)
Scrolls
 n - a scroll of immolation {unknown}
 p - 8 scrolls of remove curse
 w - a scroll of magic mapping
 y - 2 scrolls of fear {unknown}
 z - 3 scrolls of recharging
 G - 2 scrolls of noise {unknown}
 H - 3 scrolls of enchant weapon {unknown}
 J - a scroll of fog {unknown}
 Z - a scroll of brand weapon {unknown}
Potions
 c - a potion of curing
 j - a potion of mutation {unknown}
 l - a potion of agility {unknown}
 o - 2 potions of heal wounds {unknown}
 s - 2 potions of brilliance {unknown}
 u - 5 potions of flight
 B - a potion of cancellation
 I - a potion of beneficial mutation {unknown}
 P - 2 potions of degeneration
 S - a potion of poison {unknown}
 T - 2 potions of ambrosia {unknown}
 U - a potion of cure mutation
Books
 Q - a book of Air

   Spells                             Type                      Level
   a - Shock                          Conjuration/Air              1
   b - Swiftness                      Charms/Air                   2
   c - Repel Missiles                 Charms/Air                   2
   d - Static Discharge               Conjuration/Air              3
   e - Lightning Bolt                 Conjuration/Air              5
Comestibles
 d - 12 fruits
 v - 8 bread rations
 W - a meat ration


   Skills:
 - Level 7.8 Fighting
   Level 2.0(7.5) Axes
 * Level 11.3(11.4) Maces & Flails
 - Level 4.8 Throwing
 - Level 6.1 Armour
 + Level 10.6 Stealth
 - Level 1.3 Spellcasting
   Level 2.0 Fire Magic
 + Level 3.9 Invocations
 - Level 6.2 Evocations


You had 13 spell levels left.
You didn't know any spells.

Dungeon Overview and Level Annotations

Branches:
Dungeon (9/15)             Temple (0/1) D:7            Lair (4/8) D:9
  Swamp: Lair:3-6    Shoals: Lair:3-6     Snake: Lair:3-6    Spider: Lair:3-6
    Orc: D:9-12

Altars:
Ashenzari
Dithmenos
Fedhas
Gozag
Makhleb
Okawaru
Qazlal
Sif Muna
Trog
Vehumet
Xom
Yredelemnul
The Shining One


Innate Abilities, Weirdness & Mutations

You cannot wear boots.
Your serpentine skin is tough (AC +4).
You have supernaturally acute eyesight.
Armour fits poorly on your strangely shaped body.
Your system is resistant to poisons.
You cover ground very slowly.
You have a slow metabolism.
You can spit poison.


Message History

The giant frog completely misses you.
Drink which item? (? for menu, Esc to quit)
A red film seems to cover your vision as you go berserk!
You feel yourself moving faster!
You feel mighty!
The giant frog hits you but does no damage.
The blink frog blinks!
The blink frog barely misses you. The blink frog barely misses you.
The giant frog barely misses you.
The giant frog hits you but does no damage.
You miss the blink frog.
The blink frog hits you but does no damage.
The giant frog hits you but does no damage.
The blink frog hits you!
* * * LOW HITPOINT WARNING * * *
The blink frog hits you.
* * * LOW HITPOINT WARNING * * *
The blink frog blinks!
The giant frog hits you but does no damage.
The blink frog hits you but does no damage.
The giant frog closely misses you. The blink frog hits you!
You die...

... .. . ## ##
.. ..
...#.#####. ...
.......P#.#....
...............
.....F.F§..!...
......F@F......
......FF.......
...............
...............
..............F
...............
........##.....
#......## .....


You could see 5 blink frogs and 2 giant frogs.

Vanquished Creatures
  Gastronok (D:8)
  2 death yaks
  The ghost of Terandir the Thaumaturge, an experienced DEIE (D:6)
  Joseph (D:6)
  Psyche (D:8)
  A spiny frog (Lair:2)
  A komodo dragon (Lair:1)
  A fire drake (Lair:3)
  5 blink frogs (Lair:1)
  Sigmund (D:3)
  2 spriggans
  2 basilisks (Lair:1)
  3 wolves (Lair:3)
  2 hippogriffs (Lair:2)
  10 yaks
  Menkaure (D:7)
  Edmund (D:6)
  3 porcupines (Lair:3)
  An orc warrior (D:6)
  4 water moccasins
  3 ice beasts
  A black bear (Lair:3)
  A wasp (D:7)
  2 eyes of draining (D:4)
  4 sky beasts
  4 ogres
  A big kobold (D:6)
  Blork the orc (D:6)
  3 crocodiles
  8 giant frogs
  6 scorpions
  4 crimson imps
  6 electric eels
  3 orc priests
  4 jellies
  6 hounds
  7 orc wizards
  11 iguanas
  6 worker ants
  A killer bee zombie (D:8)
  12 sheep
  A hound zombie (D:5)
  2 hound skeletons
  A worker ant zombie (D:7)
  14 adders
  A gnoll (D:4)
  7 river rats (Lair:2)
  An adder zombie (D:6)
  2 adder skeletons
  3 worms
  9 giant geckos
  25 orcs
  13 bats
  2 bat zombies
  4 giant cockroaches
  15 goblins
  12 hobgoblins
  7 jackals
  26 kobolds
  4 quokkas
  2 ball pythons
  A giant gecko zombie (D:5)
  5 giant newts
  A quokka skeleton (D:5)
  11 rats
  A spectral orc (D:4)
  A fungus (D:9)
  4 plants (Lair:3)
313 creatures vanquished.

Vanquished Creatures (others)
  2 plants (Lair:3)
2 creatures vanquished.

Grand Total: 315 creatures vanquished

Notes
Turn   | Place    | Note
--------------------------------------------------------------
     0 | D:1      | Fusha the Naga Wanderer began the quest for the Orb.
     0 | D:1      | Fusha set off with: a +2 scale mail, a scroll of teleportation, Lehudib's Papyrus of Scorching Conjuration, a +0 club, a bread ration
     0 | D:1      | Reached XP level 1. HP: 18/18 MP: 2/2
     0 | D:1      | Identified Lehudib's Papyrus of Scorching Conjuration
   387 | D:1      | Reached XP level 2. HP: 18/25 MP: 3/3
  1496 | D:2      | Reached XP level 3. HP: 26/31 MP: 5/5
  1680 | D:2      | Reached skill level 3 in Stealth
  2163 | D:2      | Found a faded altar to an unknown god.
  2187 | D:2      | Reached XP level 4. HP: 25/39 MP: 6/6
  2214 | D:2      | Became a worshipper of Dithmenos the Shadowed
  2932 | D:3      | Noticed Sigmund
  2949 | D:3      | Killed Sigmund
  2949 | D:3      | Reached skill level 4 in Stealth
  2949 | D:3      | Reached XP level 5. HP: 27/49 MP: 7/7
  2949 | D:3      | Reached XP level 6. HP: 30/56 MP: 8/8
  3110 | D:3      | Found a shimmering altar of Xom.
  3771 | D:3      | Found a shattered altar of Ashenzari.
  3771 | D:3      | Found an iron altar of Okawaru.
  3774 | D:3      | Found a glowing golden altar of the Shining One.
  3945 | D:3      | Reached skill level 5 in Stealth
  4335 | D:4      | Acquired Dithmenos's first power
  4478 | D:4      | Reached XP level 7. HP: 53/64 MP: 9/9
  4535 | D:4      | Found a stormy altar of Qazlal.
  4550 | D:4      | Noticed an air elemental
  4687 | D:4      | Noticed a fire elemental
  4690 | D:4      | Noticed a water elemental
  4758 | D:4      | Reached skill level 6 in Stealth
  4932 | D:4      | Found a bloodstained altar of Trog.
  4963 | D:4      | Reached skill level 1 in Throwing
  5127 | D:4      | Found a basalt altar of Yredelemnul.
  5191 | D:5      | Entered Level 5 of the Dungeon
  5472 | D:5      | Reached skill level 5 in Fighting
  5472 | D:5      | Reached XP level 8. HP: 70/74 MP: 11/11
  5738 | D:5      | Found an opulent altar of Gozag.
  6217 | D:5      | Reached skill level 5 in Evocations
  7541 | D:6      | Noticed Edmund
  7675 | D:6      | Noticed Terandir's ghost (experienced DEIE)
  7779 | D:6      | Killed Edmund
  7913 | D:6      | Reached XP level 9. HP: 20/82 MP: 13/13
  8337 | D:6      | Acquired Dithmenos's second power
  8559 | D:6      | Noticed Blork the orc
  8565 | D:6      | Killed Blork the orc
  8800 | D:6      | Killed Terandir's ghost
  9286 | D:7      | Noticed Menkaure
  9387 | D:7      | Noticed Joseph
  9516 | D:6      | Killed Joseph
  9516 | D:6      | Reached skill level 5 in Maces & Flails
  9516 | D:6      | Reached XP level 10. HP: 35/92 MP: 14/14
  9812 | D:7      | Reached skill level 5 in Armour
  9827 | D:7      | Found a staircase to the Ecumenical Temple.
  9934 | D:7      | Killed Menkaure
 10184 | D:7      | Found a deep blue altar of Sif Muna.
 10236 | D:7      | Found a burning altar of Makhleb.
 10236 | D:7      | Found a radiant altar of Vehumet.
 10479 | D:8      | Noticed Gastronok
 10513 | D:8      | Killed Gastronok
 10513 | D:8      | Reached skill level 8 in Maces & Flails
 10854 | D:8      | Noticed Psyche
 10870 | D:8      | Killed Psyche
 10901 | D:8      | Found a blossoming altar of Fedhas.
 11201 | D:9      | Found a shattered altar of Ashenzari.
 11212 | D:9      | Acquired Dithmenos's third power
 11270 | D:9      | Found a staircase to the Lair.
 11349 | D:9      | Reached XP level 11. HP: 90/99 MP: 15/15
 11555 | D:9      | Reached skill level 9 in Maces & Flails
 11733 | Lair:1   | Entered Level 1 of the Lair of Beasts
 12447 | Lair:1   | Reached skill level 10 in Maces & Flails
 12865 | Lair:2   | Acquired Dithmenos's fourth power
 13313 | Lair:3   | Reached skill level 1 in Invocations
 14083 | Lair:3   | Noticed a death yak
 14097 | Lair:3   | Killed a death yak
 14104 | Lair:3   | Reached skill level 10 in Stealth
 14273 | Lair:3   | Noticed a death yak
 14275 | Lair:3   | Noticed a death yak
 14276 | Lair:3   | Noticed a death yak
 14276 | Lair:3   | Noticed a death yak
 14418 | Lair:3   | Reached skill level 11 in Maces & Flails
 14725 | Lair:3   | Reached XP level 12. HP: 110/110 MP: 16/16
 14864 | Lair:4   | Killed a death yak
 14868 | Lair:4   | Slain by a blink frog

Vault maps used:
D:1:      lemuel_arrival_muddy, st_stairs_9
D:2:      ecumenical_altar_2
D:3:      gammafunk_temple_overflow_claw, lemuel_coloured_pillars_altar,
          minmay_misc_feat_encased, uniq_sigmund
D:4:      yredelemnul_forgotten_temple_becter, nicolae_qazlal_style_of_elements,
          trog_eyes_of_draining
D:5:      first_bread, nicolae_gozag_cash_rules_everything_around_me
D:6:      kennysheep_small_spiral, uniq_edmund, uniq_blork_the_orc
D:7:      grunt_temple_overflow_lords_of_destruction, minmay_temple_entry_trees,
          serial_glass, glass_columns_b, glass_columns_a,
          minmay_strange_pillars, minmay_strange_pillars, the_bakery,
          led_sif_book, uniq_menkaure, uniq_joseph
D:8:      lemuel_crystal_altar, uniq_psyche, uniq_gastronok
D:9:      dpeg_oklobed_lair, basic_altar
Lair:1:   nicolae_quartered_pool_super, grunt_forest_large_clearing_hut
Lair:2:   grunt_forest_small_clearings, st_stairs_3, lemuel_old_faithful,
          lemuel_fruit_fields
Lair:3:   hangedman_lair_unloving_vines, serial_bayou_shore_a,
          lemuel_fruit_tree, infiniplex_staircase_pool
Lair:4:   minmay_shoals_entry_hut, basic_altar

Action                   |  1- 3 |  4- 6 |  7- 9 | 10-12 || total
-------------------------+-------+-------+-------+-------++-------
Melee: Club              |   210 |    77 |       |       ||   287
       Flail             |       |   120 |   498 |   186 ||   804
       Dire flail        |       |       |    70 |    23 ||    93
       Maul              |       |       |       |   122 ||   122
 Fire: Hunting sling     |     1 |       |       |       ||     1
       Blowgun           |       |       |    44 |    62 ||   106
Throw: Javelin           |       |     1 |     2 |       ||     3
 Abil: Spit Poison       |     3 |     8 |    30 |    12 ||    53
Evoke: Wand              |       |       |     7 |     1 ||     8
  Use: Scroll            |       |     2 |     6 |     8 ||    16
       Potion            |       |       |     2 |     7 ||     9
 Stab: Sleeping          |       |     4 |    11 |    23 ||    38
       Distracted        |       |       |     2 |     1 ||     3
       Invisible         |       |       |       |     1 ||     1
  Eat: Bread ration      |     1 |       |     3 |     1 ||     5
       Meat ration       |       |     1 |       |     1 ||     2
       Beef jerky        |       |       |     2 |     2 ||     4
       Pizza             |       |       |     1 |     1 ||     2
       Fruit             |       |       |       |     4 ||     4
